 Dungeon Crawl Stone Soup version 0.29.1-12-g30fa7ad0bf (webtiles) character file.

Game seed: 3275787844715038572

667 112233 the Shield-Bearer (level 7, 0/49 HPs)
             Began as an Octopode Fighter on Dec 17, 2022.
             Was a Priest of Nemelex Xobeh.
             Shot with an arrow by a centaur (8 damage)
             ... on level 5 of the Dungeon.
             The game lasted 00:02:29 (4727 turns).

112233 the Shield-Bearer (Octopode Fighter)         Turns: 4727, Time: 00:02:30

Health: 0/49       AC:  1    Str: 15      XL:     7   Next: 57%
Magic:  9/9        EV: 14    Int:  8 (11) God:    Nemelex Xobeh [***...]
Gold:   190        SH:  5    Dex: 13      Spells: 6/6 levels left

rFire   . . .      SeeInvis .   a - +0 trident
rCold   . . .      Faith    +   b - +0 buckler
rNeg    . . .      Spirit   .   (helmet restricted)
rPois   .          Reflect  .   f - amulet of faith
rElec   .          Harm     .   (no ring)
rCorr   .          Rampage  .   (no ring)
Will    .....                   (no ring)
Stlth   ++........              (no ring)
HPRegen 0.16/turn               (no ring)
MPRegen 0.11/turn               (no ring)
                                (no ring)
                                (no ring)

@: no status effects
A: almost no armour, amphibious, 8 rings, camouflage 1, gelatinous body 1,
(nimble swimmer 1), tentacles
a: Renounce Religion, Draw Escape, Draw Destruction, Draw Summoning, Triple Draw


You were on level 5 of the Dungeon.
You worshipped Nemelex Xobeh.
Nemelex Xobeh was most pleased with you.
You visited 1 branch of the dungeon, and saw 5 of its levels.

You collected 190 gold pieces.

Inventory:

Hand Weapons
 a - a +0 trident (weapon)
Armour
 b - a +0 buckler (worn)
Jewellery
 f - an amulet of faith (around mantle)
Scrolls
 d - 2 scrolls of enchant weapon {unknown}
 g - 3 scrolls of magic mapping {unknown}
 h - 5 scrolls of fog {unknown}
 i - 3 scrolls of immolation {unknown}
 j - 3 scrolls of teleportation {unknown}
 l - 2 scrolls of vulnerability {unknown}
 n - a scroll of noise {unknown}
 o - a scroll of poison {unknown}
 p - 3 scrolls of identify {unknown}
 r - a scroll of blinking {unknown}
Potions
 c - 2 potions of might
 e - 2 potions of flight {unknown}
 k - 3 potions of heal wounds {unknown}
 m - a potion of resistance {unknown}
 q - 2 potions of curing {unknown}


   Skills:
 + Level 4.6 Fighting
 + Level 4.0 Polearms
 + Level 4.6 Dodging
 + Level 4.7 Shields
 + Level 3.4 Invocations


You had 6 spell levels left.
You didn't know any spells.
Your spell library contained the following spells:

 Spells                   Type           Power      Damage    Failure   Level
 Conjure Flame            Conj/Fire      0%         6-21      86%         3
 Ignite Poison            Fire/Tmut/Pois 0%         N/A       86%         3
 Sticky Flame             Conj/Fire      0%         2d3       99%         4


Dungeon Overview and Level Annotations

Branches:
Dungeon (5/15)
 Temple: D:4-7

Altars:
Nemelex Xobeh
Ru
Wu Jian
The Shining One


Innate Abilities, Weirdness & Mutations

You cannot wear most types of armour.
You are amphibious.
You can wear up to eight rings at the same time.
Your skin changes colour to match your surroundings (Stealth+).
Your rubbery body absorbs attacks. (AC +1, EV +1)
((You are camouflaged when in or above water. (Stealth+)))
You have tentacles for arms and can constrict up to eight enemies at once.


Message History

Unknown command.
Unknown command.
Done exploring.
Unknown command.
Done exploring.
Done exploring.
(D) Dungeon
Where to? (Enter - D:4, ? - help)
You see here an adder skeleton.
There is a stone staircase leading down here.
You climb downwards.
There is a stone staircase leading up here.
Unknown command.
Found a glowing golden altar of the Shining One.
A centaur comes into view.
A centaur is nearby!
A centaur is nearby!
Found 15 gold pieces.
The centaur shouts!
The centaur wields a +0 shortbow.
The centaur shoots an arrow.
You block the arrow.
The centaur shoots an arrow.
The arrow closely misses you.
The centaur shoots an arrow.
The arrow completely misses you.
A dart slug comes into view.
The centaur shoots an arrow.
The arrow hits you!
The centaur shoots an arrow.
The arrow barely misses you.
The centaur shoots an arrow.
The arrow hits you!
Okay, then.
Unknown command.
You draw a card...
You have drawn Velocity.
Nothing appears to happen.
The deck of cards disappears without a trace.
The centaur shoots an arrow.
The arrow hits you!
The centaur shoots an arrow.
The arrow hits you!
* * * LOW HITPOINT WARNING * * *
Unknown command.
Unknown command.
You draw a card...
You have drawn the Elements.
The centaur shoots an arrow.
The arrow hits you!
You die...
Your body glows slightly and disappears.

## ### .. #..
#.# #.# ##$w##.#
#......######
#...........##
#...Y@......c§
#.....v≈≈≈≈§§≈
..####..h≈..§§..
#.# ##..≈.≈≈§≈≈
#.# #..≈.....≈
#.# ##.§.≈._^≈
#.# #.≈.≈...≈
#.# #.§.§≈≈≈≈ #
#.# ##.≈..§.§.


You could see a centaur, a dart slug (ally target), a friendly raiju (summoned),
a friendly fire vortex (summoned) and a friendly ice beast (summoned).

Vanquished Creatures
  Sigmund (D:3)
  A necrophage (D:4)
  A scorpion (D:4)
  An orc priest (D:4)
  2 hounds (D:4)
  Jessica (D:3)
  An iguana (D:4)
  Natasha (thrice) (D:4)
  2 orc wizards (D:4)
  4 adders (D:4)
  A gnoll (D:2)
  A worm (D:2)
  A dart slug (D:4)
  8 orcs (D:4)
  7 endoplasms
  6 giant cockroaches
  5 goblins
  8 hobgoblins
  2 jackals (D:1)
  7 quokkas
  A ball python (D:3)
  7 bats
  2 frilled lizards (D:3)
  6 kobolds
  6 rats
85 creatures vanquished.

Vanquished Creatures (others)
  A plant (D:1)
  6 withered plants (D:1)
7 creatures vanquished.

Grand Total: 92 creatures vanquished

Notes
Turn   | Place    | Note
-------+----------+-------------------------------------------
     0 | D:1      | 112233 the Octopode Fighter began the quest for the Orb.
     0 | D:1      | Reached XP level 1. HP: 16/16 MP: 1/1
   183 | D:1      | Found a faded altar of an unknown god.
   453 | D:1      | Reached XP level 2. HP: 9/21 MP: 2/2
   658 | D:1      | Prayed at the altar of an unknown god.
   658 | D:1      | Became a worshipper of Nemelex Xobeh the Trickster
   658 | D:1      | Reached * piety under Nemelex Xobeh
   755 | D:1      | Received a gift from Nemelex Xobeh
  1164 | D:2      | Reached XP level 3. HP: 24/26 MP: 3/3
  1465 | D:2      | Reached skill level 1 in Invocations
  2052 | D:2      | Reached ** piety under Nemelex Xobeh
  2216 | D:3      | Reached XP level 4. HP: 29/31 MP: 4/4
  2244 | D:3      | Noticed Sigmund
  2251 | D:3      | Killed Sigmund
  2252 | D:3      | Reached XP level 5. HP: 24/37 MP: 4/6
  2529 | D:3      | Noticed Jessica
  2532 | D:3      | Killed Jessica
  2533 | D:3      | Reached XP level 6. HP: 28/43 MP: 7/7
  3472 | D:4      | Noticed Natasha
  3482 | D:4      | Killed Natasha
  3922 | D:4      | Reached *** piety under Nemelex Xobeh
  3927 | D:4      | Noticed Natasha
  3928 | D:4      | Found an ornate altar of the Wu Jian Council.
  3936 | D:4      | Killed Natasha
  3937 | D:4      | Reached XP level 7. HP: 48/48 MP: 9/9
  3975 | D:4      | Noticed Natasha
  4020 | D:4      | Killed Natasha
  4484 | D:4      | Found a sacrificial altar of Ru.
  4699 | D:5      | Entered Level 5 of the Dungeon
  4713 | D:5      | Found a glowing golden altar of the Shining One.
  4727 | D:5      | Shot with an arrow by a centaur

Illustrated notes

Levels and vault maps discovered:
D:1:      shiori_shiawase, layout_loops_ring,
          shapermc_ecumenical_altar_flowoftime, minivault_25
D:2:      minmay_spotlight, layout_basic, serial_curves, eino_curves_04,
          eino_curves_04
D:3:      layout_basic, uniq_sigmund, uniq_jessica
D:4:      kb_forest_paths, layout_basic, amcnicky_altar_gilded, kennysheep_mini,
          minmay_crystal_room, kennysheep_generic_room_4, uniq_natasha
D:5:      layout_basic, riverfiend_overflow_shadow_ancestor,
          mainiacjoe_overflow_concentric_impassable,
          minmay_temple_entry_statues_pillars, eino_tiny_chamber,
          kennysheep_small_spiral, minivault_11

Skill      XL: |  1  2  3  4  5  6  7 |
---------------+----------------------+-----
Invocations    | 1 2 3 |  3.4
Polearms       | 3 4 |  4.0
Fighting       | 4 |  4.6
Dodging        | 4 |  4.6
Shields        | 4 |  4.7

Action                   |  1- 3 |  4- 6 |  7- 9 || total
-------------------------+-------+-------+-------++-------
Melee: Trident           |   104 |    85 |    36 ||   225
       Constrict         |    25 |    13 |     9 ||    47
       Tentacles         |    17 |    13 |     9 ||    39
       Punch             |     1 |       |     1 ||     2
Invok: Draw Escape       |       |       |     1 ||     1
       Draw Summoning    |       |       |     1 ||     1
  Use: Potion            |       |     1 |       ||     1
 Stab: Sleeping          |    11 |     4 |     3 ||    18
       Distracted        |       |       |     1 ||     1
Armor: Skin              |     4 |     8 |     1 ||    13
Dodge: Dodged            |    31 |    21 |    18 ||    70
Block: Buckler           |     6 |    15 |     4 ||    25
